 Dungeon Crawl Stone Soup version 0.31-a0-675-g238779eb0a (webtiles) character file.

Game seed: 14052239414509704477

7172 Gargoyl the Cleaver (level 11, -1/106 HPs)
             Began as a Gargoyle Berserker on Sept 5, 2023.
             Was a Believer of Trog.
             Slain by a 14-headed hydra (6 damage)
             ... on level 9 of the Dungeon.
             The game lasted 00:09:04 (5462 turns).

Gargoyl the Cleaver (Gargoyle Berserker)            Turns: 5462, Time: 00:09:05

Health: -1/106     AC: 24    Str: 23    XL:     11   Next: 11%
Magic:  11/11      EV: 13    Int:  8    God:    Trog [**....]
Gold:   390        SH:  0    Dex: 13    Spells: 10/10 levels left

rFire   . . .        a - +4 hand axe (heavy)
rCold   . . .        (no shield)
rNeg    + . .        z - +1 ring mail "Eskocul" {rElec Will+ Str+2}
rPois   ∞            e - +2 hat {SInv}
rElec   +            A - +2 cloak
rCorr   .            x - +0 pair of gloves
SInv    +            y - +1 pair of boots
Will    ++++.        c - amulet of regeneration Stlth
                     f - ring of willpower
HPRegen 2.17/turn    u - ring of flight
MPRegen 0.12/turn

%: no passive effects
@: berserking (expiring), strong-willed, flying, regenerating, very quick
A: sickness immunity, AC +8, negative energy resistance 1, electricity
resistance, torment resistance 1, petrification resistance
a: Renounce Religion, Berserk, Trog's Hand


You were on level 9 of the Dungeon.
You worshipped Trog.
Trog was pleased with you.
You visited 1 branch of the dungeon, and saw 9 of its levels.

You collected 390 gold pieces.

Inventory:

Hand Weapons
 a - a +4 heavy hand axe (weapon)
Armour
 e - a +2 hat of see invisible (worn)
 x - a +0 pair of gloves (worn)
 y - a +1 pair of boots (worn)
 z - the +1 ring mail "Eskocul" (worn) {rElec Will+ Str+2}
   (You found it on level 7 of the Dungeon)

   Str+2:     It affects your strength (+2).
   rElec:     It insulates you from electricity.
   Will+:     It increases your willpower.
 A - a +2 cloak (worn)
Jewellery
 c - an amulet of regeneration (around neck)
 f - a ring of willpower (left hand)
 o - a +6 ring of dexterity
 p - an amulet of reflection
 u - a ring of flight (right hand)
Wands
 h - a wand of flame (12)
 v - a wand of charming (13)
Scrolls
 d - a scroll of acquirement {unknown}
 i - 6 scrolls of revelation
 j - a scroll of poison
 k - 3 scrolls of teleportation
 r - a scroll of immolation
 w - a scroll of blinking
Potions
 b - 3 potions of heal wounds
 g - a potion of berserk rage {unknown}
 l - a potion of attraction {unknown}
 m - 3 potions of degeneration {unknown}
 n - a potion of ambrosia {unknown}
 q - a potion of cancellation {unknown}
 s - a potion of invisibility {unknown}
 t - a potion of resistance {unknown}


   Skills:
 + Level 9.2 Fighting
 + Level 11.0 Axes
 + Level 8.0 Armour
 + Level 5.1 Dodging
 + Level 1.3 Stealth


You had 10 spell levels left.
You didn't know any spells.
Your spell library was empty.

Dungeon Overview and Level Annotations

Branches:
Dungeon (9/15)             Temple (0/1) D:4
   Lair: D:8-11         Orc: D:9-12

Altars:
Ashenzari
Hepliaklqana
Kikubaaqudgha
Nemelex Xobeh
Ru
Sif Muna
Wu Jian
Xom
The Shining One

Shops:
D:1 [


Innate Abilities, Weirdness & Mutations

You are immune to sickness and miasma.
Your stone body is resilient. (AC +8)
You are immune to poison.
You resist negative energy. (rN+)
You are resistant to electric shocks. (rElec)
You are resistant to unholy torment.
You are immune to petrification.


Message History

The 11-headed hydra bites you but does no damage. x6
The 11-headed hydra barely misses you.
You hack one of the 11-headed hydra's heads off!
The ten-headed hydra grows two more!
You slash the 12-headed hydra!
The 12-headed hydra is moderately wounded.
The 12-headed hydra misses you.
The 12-headed hydra bites you but does no damage. x6
The 12-headed hydra bites you! The 12-headed hydra closely misses you.
The 12-headed hydra bites you but does no damage.
The 12-headed hydra barely misses you. The 12-headed hydra bites you.
* * * LOW HITPOINT WARNING * * *
You hack one of the 12-headed hydra's heads off!
The 11-headed hydra grows two more!
You slice the 13-headed hydra!!
The 13-headed hydra is moderately wounded.
The 13-headed hydra bites you but does no damage.
The 13-headed hydra bites you.
* * * LOW HITPOINT WARNING * * *
The 13-headed hydra bites you but does no damage. x3
The 13-headed hydra bites you!
* * * LOW HITPOINT WARNING * * *
The 13-headed hydra misses you.
The 13-headed hydra bites you but does no damage. x2
The 13-headed hydra misses you. The 13-headed hydra barely misses you.
The 13-headed hydra closely misses you.
The 13-headed hydra bites you but does no damage.
You hack one of the 13-headed hydra's heads off!
The 12-headed hydra grows two more!
You slash the 14-headed hydra!
The 14-headed hydra is moderately wounded.
The 14-headed hydra attacks as it pursues you!
The 14-headed hydra closely misses you.
The 14-headed hydra bites you but does no damage. x2
The 14-headed hydra bites you!
* * * LOW HITPOINT WARNING * * *
The 14-headed hydra bites you.
* * * LOW HITPOINT WARNING * * *
The 14-headed hydra bites you but does no damage.
The 14-headed hydra barely misses you. The 14-headed hydra bites you.
* * * LOW HITPOINT WARNING * * *
The 14-headed hydra bites you.
You die... # # # #. ## ## # #.# ##[ |## # + .'. .)#). .+ # #.# :l)

#.# # #.##.##.# # ###
#.#D#.# # ... #.#@#
#####'### ####'## ##..
#..# ##.#...#
##..##..###...#.#...#
#.##.)##).##.#.#.#.##
#.##..##))#.#.....#.#
'#).##.)##'..#.#.#..'.
##..##))###.#.....#.#..
#.##..##..##.#.#.#.##..


You could see a 14-headed hydra and a basilisk.

Vanquished Creatures
  Gastronok (D:8)
  Erolcha (D:9)
  A two-headed ogre (D:8)
  An orc knight (D:9)
  The ghost of mfcas the Trooper, a novice DjHW (D:3)
  Joseph (D:7)
  2 steam dragons (D:8)
  A warg (D:9)
  4 water moccasins
  A sky beast (D:7)
  A black bear (D:5)
  3 ice beasts
  3 orc warriors
  An ogre (D:6)
  4 centaurs
  4 kobold brigands
  6 bullfrogs
  2 scorpions
  A gnoll sergeant (D:9)
  3 wights (D:7)
  6 killer bees
  5 howler monkeys
  Crazy Yiuf (D:7)
  3 orc priests
  A hound (D:7)
  An iguana (D:7)
  2 jellies
  3 sleepcaps
  4 orc wizards
  8 adders
  2 white imps
  2 ufetubi (D:5)
  3 worms (D:2)
  2 dart slugs (D:1)
  22 orcs
  8 ball pythons
  4 bats
  3 endoplasms
  4 giant cockroaches
  11 hobgoblins
  3 jackals
  14 kobolds
  7 quokkas
  2 frilled lizards
  7 goblins
  6 rats
176 creatures vanquished.

Notes
Turn   | Place    | Note
-------+----------+-------------------------------------------
     0 | D:1      | Gargoyl the Gargoyle Berserker began the quest for the Orb.
     0 | D:1      | Reached XP level 1. HP: 14/14 MP: 1/1
    23 | D:1      | Found a faded altar of an unknown god.
    58 | D:1      | Reached XP level 2. HP: 19/19 MP: 2/2
    80 | D:1      | Reached skill level 3 in Axes
   349 | D:1      | Reached XP level 3. HP: 24/24 MP: 3/3
   443 | D:1      | Reached ** piety under Trog
   595 | D:1      | Found Weilururr's Antique Armour Boutique.
   788 | D:2      | Reached XP level 4. HP: 29/29 MP: 4/4
  1160 | D:2      | Reached skill level 4 in Axes
  1259 | D:3      | Reached XP level 5. HP: 33/33 MP: 5/5
  1330 | D:3      | Found a hazy altar of Hepliaklqana.
  1618 | D:3      | Found a runed translucent door.
  1628 | D:3      | Noticed mfcas's ghost (novice DjHW)
  1709 | D:3      | Killed mfcas's ghost
  1710 | D:3      | Reached skill level 5 in Axes
  1710 | D:3      | Reached XP level 6. HP: 26/39 MP: 6/6
  1856 | D:4      | Reached XP level 7. HP: 44/44 MP: 7/7
  1956 | D:4      | Found a staircase to the Ecumenical Temple.
  2192 | D:5      | Entered Level 5 of the Dungeon
  2255 | D:5      | Reached skill level 5 in Fighting
  2311 | D:5      | Found a glowing golden altar of the Shining One.
  2430 | D:5      | Identified the +10 dagger "Umuvos" {flame, rF+}
  2510 | D:5      | Reached skill level 6 in Axes
  2510 | D:5      | Reached skill level 5 in Armour
  2721 | D:6      | Reached XP level 8. HP: 49/49 MP: 8/8
  3217 | D:7      | Noticed Joseph
  3241 | D:7      | Reached skill level 7 in Axes
  3260 | D:7      | Killed Joseph
  3261 | D:7      | Reached XP level 9. HP: 38/55 MP: 9/9
  3375 | D:7      | Found a sacrificial altar of Ru.
  3390 | D:7      | Identified the +1 ring mail "Eskocul" {rElec Will+ Str+2}
  3624 | D:7      | Reached skill level 8 in Axes
  3897 | D:7      | Found a runed translucent door.
  3898 | D:7      | Noticed Crazy Yiuf
  3988 | D:7      | Killed Crazy Yiuf
  4178 | D:8      | Noticed Gastronok
  4232 | D:8      | Killed Gastronok
  4233 | D:8      | Reached skill level 9 in Axes
  4233 | D:8      | Reached XP level 10. HP: 64/64 MP: 10/10
  4424 | D:8      | Found an ornate altar of the Wu Jian Council.
  4425 | D:8      | Noticed a two-headed ogre
  4438 | D:8      | Killed a two-headed ogre
  4439 | D:8      | Reached skill level 10 in Axes
  4439 | D:8      | Reached skill level 1 in Stealth
  4611 | D:8      | Found a shimmering altar of Xom.
  4621 | D:8      | Found an ancient bone altar of Kikubaaqudgha.
  4622 | D:8      | Found a shimmering blue altar of Sif Muna.
  4623 | D:8      | Found a broken altar of Ashenzari.
  4624 | D:8      | Found a sparkling altar of Nemelex Xobeh.
  5380 | D:9      | Noticed an orc knight
  5395 | D:9      | Killed an orc knight
  5406 | D:9      | Noticed Erolcha
  5410 | D:9      | Reached XP level 11. HP: 63/71 MP: 11/11
  5422 | D:9      | Killed Erolcha
  5423 | D:9      | Reached skill level 11 in Axes
  5423 | D:9      | Reached skill level 5 in Dodging
  5450 | D:9      | Found the +3 Elemental Staff {ele, rElec rF+ rC+ AC+3}
  5451 | D:9      | Noticed a seven-headed hydra
  5451 | D:9      | Found the +4 consecrated labrys {holy, Valiant Fragile Fly
                  | SInv}
  5462 | D:9      | HP: 5/106 [14-headed hydra (6)]
  5462 | D:9      | Slain by a 14-headed hydra

Illustrated notes

Levels and vault maps discovered:
D:1:      lemuel_arrival_lava_pool, layout_basic,
          ebering_ecumenical_altar_abandoned, serial_shops, shop
D:2:      layout_rooms, dk_noncrumbling_4, hangedman_decor_points,
          minmay_guardbox
D:3:      layout_rooms, lemuel_crystal_altar, ebering_ghost_inner_flame
D:4:      layout_cave_pools, minmay_temple_entry_glass
D:5:      layout_basic, tso_metal_star
D:6:      layout_basic
D:7:      layout_basic, nicolae_ru_sacrificial_ziggurat, uniq_joseph,
          uniq_crazy_yiuf_cottage
D:8:      layout_basic, minitemple, st_stairs_6, minmay_ruined_shrine,
          uniq_gastronok
D:9:      layout_rooms, minmay_the_grid_2x2 [minmay_the_grid_armoury,
          minmay_the_grid_minigrid_medium, minmay_the_grid_diamond_grid,
          minmay_the_grid_prize_diamond_cup], uniq_erolcha

Skill      XL: |  1  2  3  4  5  6  7  8  9 10 11 |
---------------+----------------------------------+-----
Axes           | 3 4 5 6 7 9 10 11 | 11.0
Dodging        | 2 3 4 5 |  5.1
Fighting       | 4 5 6 8 9 |  9.2
Armour         | 4 5 6 7 8 |  8.0
Stealth        | 1 |  1.3

Action                     |  1- 3 |  4- 6 |  7- 9 | 10-12 || total
---------------------------+-------+-------+-------+-------++-------
  Melee: Hand axe          |    87 |   165 |   371 |   108 ||   731
         Punch             |       |     4 |     7 |     1 ||    12
 Invoke: Berserk           |     2 |     2 |    10 |     4 ||    18
         Trog's Hand       |       |     2 |    10 |     5 ||    17
    Use: Scroll            |       |       |    13 |       ||    13
         Potion            |       |       |     1 |       ||     1
 Armour: Animal skin       |    46 |       |       |       ||    46
         Chain mail        |    34 |   174 |   267 |       ||   475
         Ring mail         |       |       |   102 |   202 ||   304
  Dodge: Dodged            |    70 |    96 |   229 |   150 ||   545

Table legend: (Time is in decaauts)
 A = Elapsed time spent in this place.
 B = Non-inter-level travel time spent in this place.
 C = Inter-level travel time spent in this place.
 D = Time resting spent in this place.
 E = Time spent auto-exploring this place.
 F = Levels seen in this place.
 G = Mean time per level.
                   A        B        C        D        E       F      G
               +--------+--------+--------+--------+--------+-----+--------+
         Total |   5615 |   5236 |    379 |     30 |   3489 |   9 |  623.9 |
       Dungeon |   5615 |   5236 |    379 |     30 |   3489 |   9 |  623.9 |
               +--------+--------+--------+--------+--------+-----+--------+

Top non-repeatable levels by time:
     D:8: 1313 daAuts
     D:7: 864 daAuts
     D:1: 725 daAuts
     D:2: 565 daAuts
     D:5: 556 daAuts
     D:3: 524 daAuts
     D:6: 463 daAuts
     D:4: 439 daAuts
     D:9: 162 daAuts
